 Dungeon Crawl Stone Soup version 0.23.2-33-g5129a83184 (webtiles) character file.

Game seed: 8757079119102443759

42 KnotZ the Skirmisher (level 3, -1/33 HPs)
             Began as a Minotaur Fighter on June 26, 2019.
             Killed from afar by Natasha (6 damage)
             ... with a magic dart
             ... on level 2 of the Dungeon.
             The game lasted 00:03:54 (830 turns).

KnotZ the Skirmisher (Minotaur Fighter)              Turns: 830, Time: 00:03:54

Health: -1/33      AC:  7    Str: 26    XL:     3   Next: 33%
Magic:  2/2        EV:  7    Int:  5    God:
Gold:   94         SH: 10    Dex:  9    Spells: 2/2 levels left

rFire    . . .     SeeInvis .   a - +0 flail
rCold    . . .     Gourm    .   c - +0 shield
rNeg     . . .     Faith    .   b - +0 scale mail
rPois    .         Spirit   .   (helmet restricted)
rElec    .         Reflect  .   (no cloak)
rCorr    .         Harm     .   (no gloves)
MR       .....                  (no boots)
Stlth    ..........             (no amulet)
HPRegen  0.11/turn              (no ring)
MPRegen  0.08/turn              (no ring)

@: mighty, about to teleport, slowed, very slow
A: retaliatory headbutt, horns 2
a: no special abilities


You were on level 2 of the Dungeon.
You were not hungry.

You visited 1 branch of the dungeon, and saw 2 of its levels.

You collected 94 gold pieces.

Inventory:

Hand Weapons
 a - a +0 flail (weapon)
Armour
 b - a +0 scale mail (worn)
 c - a +0 shield (worn)
Jewellery
 e - an uncursed ring of wizardry {unknown}
 g - a +4 ring of strength {unknown}
 p - an uncursed ring of fire {unknown}
Scrolls
 i - a scroll of remove curse {unknown}
 j - a scroll of identify
 k - a scroll of fear {unknown}
 n - a scroll of noise {unknown}
Potions
 l - a potion of mutation {unknown}
 m - a potion of curing {unknown}
 o - a potion of berserk rage {unknown}
Comestibles
 f - 2 rations


   Skills:
 + Level 4.0 Fighting
 * Level 3.4 Maces & Flails
 + Level 4.0 Armour
 + Level 4.0 Shields


You had 2 spell levels left.
You didn't know any spells.
Your spell library was empty.

Dungeon Overview and Level Annotations

Branches:
Dungeon (2/15)

Altars:

Annotations:
D:2 Natasha


Innate Abilities, Weirdness & Mutations

You reflexively headbutt those who attack you in melee.
You have a pair of horns on your head.


Message History

Natasha is heavily wounded.
You block the hobgoblin's attack. Natasha claws you.
* * * LOW HITPOINT WARNING * * *
The hobgoblin hits you but does no damage.
Natasha closely misses you.
Sorry, you're not good enough to have a special ability.
As you read the scroll labeled PIRHAXK VUAFAH, it crumbles to dust.
It is a scroll of identify.
h - a scroll of teleportation The hobgoblin hits you.
* * * LOW HITPOINT WARNING * * *
Natasha stares at you and mumbles some strange words.
You feel as though you will be slow longer.
The hobgoblin hits you but does no damage.
The rat twitches its whiskers.
As you read the scroll of teleportation, it crumbles to dust.
You feel strangely unstable.
Natasha stares at you and mumbles some strange words.
The magic dart hits you.
You die...

.#. .## # #..# #... ..#
#...###..# ##.# #
#..#.##.##..)# #.#
#.####.#.#......#.# #.#
..........###....####..
..##.......# #....†.....
...l...lr#.###....###..#
.##.##g##..............
#@####.......).... #h#
######)###.## #5# #.#
#†# #.# #.≈ ≈≈≈ #.#
≈≈≈≈≈≈≈≈ #.# ≈≈≈≈≈≈≈≈
#.# ≈≈≈≈≈≈≈≈≈ #.#
≈≈≈≈#.#≈ ≈≈####.##


You could see Natasha, a shadow imp, a hobgoblin, a frilled lizard and a rat.

Vanquished Creatures
  2 adders (D:2)
  3 leopard geckos
  An orc (D:2)
  2 bats (D:2)
  A giant cockroach (D:1)
  A goblin (D:1)
  2 hobgoblins (D:1)
  5 frilled lizards
  3 kobolds
  2 rats (D:1)
22 creatures vanquished.

Notes
Turn   | Place    | Note
-------+----------+-------------------------------------------
     0 | D:1      | KnotZ the Minotaur Fighter began the quest for the Orb.
     0 | D:1      | Reached XP level 1. HP: 19/19 MP: 0/0
   316 | D:1      | Reached XP level 2. HP: 27/27 MP: 1/1
   765 | D:2      | Reached XP level 3. HP: 33/33 MP: 2/2
   816 | D:2      | Noticed Natasha
   830 | D:2      | Killed from afar by Natasha

Skill      XL: |  1  2  3 |
---------------+----------+-----
Maces & Flails | 3 |  3.4
Fighting       | 4 |  4.0
Armour         | 4 |  4.0
Shields        | 4 |  4.0

Action                   || total
-------------------------++-------
Melee: Flail             ||    86
       Headbutt          ||     9
  Use: Scroll            ||     2
       Potion            ||     1
Armor: Scale mail        ||    46
Dodge: Dodged            ||    28
Block: Shield            ||    49
